[Event "Titled Tuesday Blitz May 23 Late 2023"]
[White "Remolar Gallen, Jose"]
[Black "Evdokimov, Alexey"]
[WhiteFideId "2215187"]
[BlackFideId "24162450"]
[WhiteElo "2223"]
[BlackElo "2154"]
[Result "0-1"]
[Round "05"]
[TimeControl "180+2"]
[Date "2023.05.23"]
[WhiteClock "0:00:00"]
[BlackClock "0:00:16"]

1. e4 c6 2. d4 d5 3. exd5 cxd5 4. c4 Nf6 5. Nc3 g6 6. cxd5 Bg7 7. Bb5+ Nbd7 8. Qb3 O-O 9. Nge2 a6 10. Bd3 b5 11. a4 Bb7 12. Nf4 Nb6 13. O-O Nbxd5 14. axb5 axb5 15. Rxa8 Qxa8 16. Nce2 Nxf4 17. Nxf4 g5 18. Ne2 Bxg2 19. Re1 Bh1 20. d5 Bxd5 21. Qxb5 h6 22. Ng3 e6 23. Bf1 Rb8 24. Qd3 Qb7 25. Qd2 Ne4 26. Nxe4 Bxe4 27. Qe3 Bd5 28. f4 Qb4 29. fxg5 Bd4 0-1


[Site "https://www.chess.com"]

[Event "Titled Tuesday Blitz May 23 Late 2023"]
[White "Weinstein, Joshua Ross"]
[Black "Moral Garcia, Serafin"]
[WhiteFideId "30927714"]
[BlackFideId "2201925"]
[WhiteElo "2322"]
[BlackElo "2274"]
[Result "1-0"]
[Round "05"]
[TimeControl "180+2"]
[Date "2023.05.23"]
[WhiteClock "0:00:37"]
[BlackClock "0:00:36"]

1. e4 c5 2. Nc3 e6 3. Bc4 Nc6 4. d3 g6 5. f4 Bg7 6. Nf3 Nge7 7. Bb3 d5 8. e5 f6 9. exf6 Bxf6 10. O-O O-O 11. Ne2 Nf5 12. c3 Kg7 13. Qe1 Qd6 14. g4 c4 15. dxc4 dxc4 16. Bc2 Qc5+ 17. Kh1 Ne3 18. Qf2 Nxc2 19. Qxc5 Nxa1 20. Qxc4 Bd7 21. Bd2 Nc2 22. Qd3 Rad8 23. Qxc2 Bc8 24. Be3 b6 25. g5 Be7 26. Ned4 Nxd4 27. Nxd4 e5 28. Qe4 Bxg5 29. Qxe5+ Bf6 30. Ne6+ Bxe6 31. Qxe6 Rfe8 32. Qh3 Rd3 33. Re1 Be7 34. f5 Kg8 35. fxg6 hxg6 36. Qe6+ Kg7 37. Bd4+ 1-0


[Site "https://www.chess.com"]

[Event "Titled Tuesday Blitz May 23 Late 2023"]
[White "Blitz"]
[Black "Dubreuil, Julien"]
[BlackFideId "621285"]
[WhiteElo "2465"]
[BlackElo "2318"]
[Result "1-0"]
[Round "05"]
[TimeControl "180+2"]
[Date "2023.05.23"]
[WhiteClock "0:00:15"]
[BlackClock "0:00:10"]

1. d4 d5 2. Nc3 Nf6 3. Bf4 a6 4. e3 c5 5. dxc5 e6 6. b4 Nc6 7. a3 a5 8. Nb5 e5 9. Bg5 axb4 10. axb4 Rxa1 11. Qxa1 Be7 12. Bxf6 gxf6 13. c3 b6 14. Qa8 Bd7 15. Nc7+ Kf8 16. Qxd8+ Bxd8 17. cxb6 Bxc7 18. bxc7 Ke7 19. b5 Na5 20. b6 Kd6 21. Nf3 Kc6 22. e4 dxe4 23. Nd2 f5 24. g4 Kxb6 25. gxf5 Bc6 26. Bg2 e3 27. Ne4 Rg8 28. Bf3 Nc4 29. fxe3 Ra8 30. Kf2 Kxc7 31. Ng5 Ra2+ 32. Kg3 e4 33. Bh5 Nxe3 34. Bxf7 Nxf5+ 35. Kf4 Nh6 36. Bxa2 e3 37. Re1 1-0


[Site "https://www.chess.com"]

[Event "Titled Tuesday Blitz May 23 Late 2023"]
[White "Cooklev, Steven"]
[Black "Le Goff, Ronan"]
[WhiteFideId "2050552"]
[BlackFideId "612073"]
[WhiteElo "2310"]
[BlackElo "2275"]
[Result "0-1"]
[Round "05"]
[TimeControl "180+2"]
[Date "2023.05.23"]
[WhiteClock "0:00:00"]
[BlackClock "0:02:09"]

1. e4 e5 2. Bc4 Nf6 3. d3 Nc6 4. Nc3 Na5 5. Bb3 Nxb3 6. axb3 Bc5 7. f4 d6 8. Nf3 Ng4 9. Qe2 O-O 10. h3 Nf6 11. Na4 exf4 12. Nxc5 dxc5 13. Bxf4 Re8 14. O-O Bd7 15. Bg5 h6 16. Bh4 Bc6 17. Qd2 Re6 18. e5 Bxf3 19. Rxf3 Qd4+ 20. Qf2 Qxf2+ 21. Rxf2 Nd7 22. Re2 Rxe5 23. Rxe5 Nxe5 24. Bg3 Nc6 25. Bxc7 Nb4 26. c3 Nxd3 27. Bb6 a6 28. Rd1 Ne5 29. Bxc5 f6 30. Bd4 Rd8 31. Re1 Nc6 32. Re4 Kf7 33. Kf2 Nxd4 34. Rxd4 Rxd4 35. cxd4 Ke6 36. Ke3 Kd5 37. Kd3 b5 38. b4 f5 39. g3 g6 40. h4 g5 41. hxg5 hxg5 42. b3 f4 43. gxf4 gxf4 0-1


[Site "https://www.chess.com"]

[Event "Titled Tuesday Blitz May 23 Late 2023"]
[White "merinasian"]
[Black "Zampronha, Wladimir Camilo"]
[BlackFideId "2103087"]
[WhiteElo "2452"]
[BlackElo "2176"]
[Result "0-1"]
[Round "05"]
[TimeControl "180+2"]
[Date "2023.05.23"]
[WhiteClock "0:00:59"]
[BlackClock "0:01:02"]

1. d4 Nf6 2. Nf3 e6 3. g3 d5 4. Bg2 Be7 5. O-O O-O 6. c4 dxc4 7. a4 Bd7 8. Qc2 Bc6 9. Qxc4 Bd5 10. Qd3 Be4 11. Qd1 Nc6 12. Nc3 Bxf3 13. Bxf3 Qxd4 14. Qxd4 Nxd4 15. Bxb7 Rab8 16. Bg2 Bb4 17. e3 Bxc3 18. bxc3 Ne2+ 19. Kh1 Nxc3 20. Bd2 Nce4 21. Ba5 Rfc8 22. f3 Nd6 23. e4 Nc4 24. Bc3 Rb3 25. Bd4 c5 26. Bg1 Nd2 27. Rfc1 c4 28. Bxa7 Rb7 29. Bd4 Nb3 30. Bxf6 gxf6 31. Rab1 Nxc1 32. Rxb7 c3 33. Rb1 0-1


[Site "https://www.chess.com"]

[Event "Titled Tuesday Blitz May 23 Late 2023"]
[White "Kostiukov, Alexandr"]
[Black "Srdanovic, Jovana"]
[WhiteFideId "14108100"]
[BlackFideId "954810"]
[WhiteElo "2202"]
[BlackElo "2169"]
[Result "0-1"]
[Round "05"]
[TimeControl "180+2"]
[Date "2023.05.23"]
[WhiteClock "0:00:00"]
[BlackClock "0:00:12"]

1. g3 d5 2. Bg2 Nf6 3. d3 c6 4. e4 e5 5. Qe2 Bd6 6. Nf3 Qe7 7. O-O O-O 8. Re1 Bg4 9. h3 Bxf3 10. Bxf3 Nbd7 11. Bg2 Rfe8 12. Nd2 Rac8 13. Nf3 h6 14. Nh4 Qf8 15. Nf5 Bc5 16. c3 Bb6 17. Be3 Bxe3 18. Qxe3 a5 19. Qa7 b6 20. exd5 Ra8 21. Qc7 cxd5 22. Qd6 Qxd6 23. Nxd6 Re6 24. Nb5 Rc8 25. Rad1 Nc5 26. h4 Na4 27. Rd2 Rc5 28. Na3 b5 29. Nb1 b4 30. Rc2 bxc3 31. bxc3 e4 32. d4 Rc7 33. Rec1 Rec6 34. Bf1 Nb6 35. Bb5 Rc4 36. Bxc4 Nxc4 37. Nd2 Nxd2 38. Rxd2 Nd7 39. Rb2 Nb6 40. Rxb6 Rc4 41. Rb5 Kh7 42. Rxd5 Ra4 43. Rc2 Rxa2 0-1


[Site "https://www.chess.com"]

[Event "Titled Tuesday Blitz May 23 Late 2023"]
[White "Luxama, Jacques Muller"]
[Black "Arencibia Monduy, Antonio"]
[WhiteFideId "11900113"]
[BlackFideId "3507939"]
[WhiteElo "1931"]
[BlackElo "2404"]
[Result "0-1"]
[Round "05"]
[TimeControl "180+2"]
[Date "2023.05.23"]
[WhiteClock "0:01:15"]
[BlackClock "0:00:12"]

1. e4 e6 2. d4 d5 3. Nc3 dxe4 4. Nxe4 Nd7 5. Nf3 Ngf6 6. Bd3 Be7 7. O-O b6 8. c3 Bb7 9. Nxf6+ Nxf6 10. Bb5+ c6 11. Bd3 O-O 12. Ne5 c5 13. Be3 cxd4 14. Bxd4 Qc7 15. Qe2 Rad8 16. f4 Bc5 17. Bxc5 Qxc5+ 18. Kh1 Nd5 19. Be4 Ba8 20. c4 Ne3 21. Rfe1 Bxe4 22. Qxe3 Qxe3 23. Rxe3 Bb7 24. Re2 Rd4 25. b3 Rfd8 26. Rf1 Rxf4 27. Kg1 Rxf1+ 28. Kxf1 f6 29. Nf3 Kf7 30. Kf2 e5 31. Ne1 Ke6 32. Ke3 f5 33. g3 g5 34. Nc2 f4+ 35. Kf2 Kf5 36. gxf4 gxf4 37. Nb4 e4 38. Rb2 e3+ 39. Ke2 Ke4 40. Nc2 f3+ 41. Ke1 Rd2 42. c5 f2+ 43. Kf1 Ba6+ 44. Kg2 f1=Q+ 45. Kg3 Qf4+ 46. Kh3 Rxh2# 0-1


[Site "https://www.chess.com"]

[Event "Titled Tuesday Blitz May 23 Late 2023"]
[White "Della Corte, Alessandro"]
[Black "Mikhalsky, Vladimir"]
[WhiteFideId "813540"]
[BlackFideId "14144352"]
[WhiteElo "2205"]
[BlackElo "2236"]
[Result "1/2-1/2"]
[Round "05"]
[TimeControl "180+2"]
[Date "2023.05.23"]
[WhiteClock "0:00:43"]
[BlackClock "0:00:35"]

1. d4 Nf6 2. c4 g6 3. Nc3 Bg7 4. e4 O-O 5. Nf3 d6 6. Be2 e5 7. O-O Nc6 8. d5 Ne7 9. a4 a5 10. Ne1 Nd7 11. Be3 f5 12. f3 f4 13. Bf2 Nc5 14. Nd3 b6 15. b4 Nxd3 16. Qxd3 axb4 17. Nb5 g5 18. Qb3 h5 19. Qxb4 g4 20. Bh4 Bf6 21. Bxf6 Rxf6 22. a5 bxa5 23. Rxa5 Rb8 24. c5 c6 25. dxc6 Nxc6 26. Qb3+ Be6 27. Bc4 Nxa5 28. Bxe6+ Kg7 29. Qa4 Rxe6 30. Nxd6 Rxd6 31. cxd6 Qxd6 32. Qxa5 Rb2 33. Rc1 gxf3 34. Qc7+ Qxc7 35. Rxc7+ Kf6 36. gxf3 h4 37. Rh7 Kg5 38. Rg7+ Kh6 39. Rg8 Re2 40. Rh8+ Kg5 41. Rg8+ Kh5 42. Rh8+ Kg5 43. Rg8+ Kf6 44. Rh8 Kg5 1/2-1/2


[Site "https://www.chess.com"]

[Event "Titled Tuesday Blitz May 23 Late 2023"]
[White "Romero Ruscalleda, Josep"]
[Black "Vaglio Munoz, Jaime"]
[WhiteFideId "2231859"]
[BlackFideId "6500145"]
[WhiteElo "2183"]
[BlackElo "2199"]
[Result "1/2-1/2"]
[Round "05"]
[TimeControl "180+2"]
[Date "2023.05.23"]
[WhiteClock "0:00:10"]
[BlackClock "0:00:12"]

1. e4 c5 2. c3 Qa5 3. Nf3 a6 4. Bc4 e6 5. O-O b5 6. Be2 Bb7 7. d3 Nf6 8. Re1 d6 9. Nbd2 Be7 10. Nf1 O-O 11. Ng3 Nc6 12. d4 Rfd8 13. dxc5 dxc5 14. Qc2 c4 15. Be3 Qc7 16. a4 Ng4 17. Bg5 h6 18. Bxe7 Qxe7 19. h3 Nge5 20. Nxe5 Nxe5 21. axb5 axb5 22. Rxa8 Rxa8 23. f4 Ng6 24. Rf1 Qc5+ 25. Kh2 Nh4 26. f5 Qd6 27. fxe6 Qxe6 28. Bg4 Qe5 29. Qf2 Rf8 30. Qf4 Ng6 31. Qxe5 Nxe5 32. Bf3 Rd8 33. Rf2 g6 34. Nf1 Nd3 35. Rd2 Re8 36. Ng3 h5 37. h4 Kg7 38. b3 Kf6 39. bxc4 bxc4 40. Rd1 Ke5 41. Rb1 Bc6 42. Rb6 Re6 43. Ne2 Bxe4 44. Rb5+ Kf6 45. Nd4 Re5 46. Rb6+ Kg7 47. Bxe4 Rxe4 48. Rc6 Ne5 49. g3 Re3 50. Nb5 Ng4+ 51. Kg2 Re2+ 52. Kf3 Rf2+ 53. Ke4 Re2+ 54. Kd4 Rg2 55. Rc7 Rxg3 56. Nd6 Rf3 57. Kxc4 Ne5+ 58. Kb4 Rf4+ 59. c4 Rxh4 60. Kb5 Nxc4 61. Nxc4 Rf4 62. Nd6 h4 63. Ne8+ Kh6 64. Kc5 h3 65. Kd5 h2 66. Rc1 Rf2 67. Rh1 Kg5 68. Nd6 f5 69. Kd4 Kg4 70. Ke3 Rg2 71. Nf7 g5 72. Ne5+ Kg3 73. Nf3 f4+ 74. Ke4 g4 75. Nd4 Rg1 76. Rxh2 Kxh2 77. Kxf4 g3 78. Nf3+ Kg2 79. Nxg1 Kf2 80. Nh3+ Kg2 81. Kg4 Kh2 82. Nf4 g2 83. Nxg2 1/2-1/2


[Site "https://www.chess.com"]

[Event "Titled Tuesday Blitz May 23 Late 2023"]
[White "KVAIDAN"]
[Black "Bogaudinov, Rushan"]
[BlackFideId "4129288"]
[WhiteElo "2287"]
[BlackElo "1941"]
[Result "1-0"]
[Round "05"]
[TimeControl "180+2"]
[Date "2023.05.23"]
[WhiteClock "0:01:10"]
[BlackClock "0:00:00"]

1. f4 c5 2. Nf3 Nc6 3. e4 d5 4. exd5 Qxd5 5. Nc3 Qd8 6. Bb5 Nf6 7. d4 cxd4 8. Nxd4 Bd7 9. Nxc6 bxc6 10. Bc4 e6 11. O-O Bc5+ 12. Kh1 O-O 13. Qe2 Qc7 14. Be3 Bxe3 15. Qxe3 Nd5 16. Qf3 Rab8 17. b3 Nxc3 18. Qxc3 c5 19. Rae1 g6 20. Re3 Rfd8 21. Qf6 Bb5 22. Bxb5 Rxb5 23. f5 Rb6 24. fxg6 fxg6 25. Rxe6 Rxe6 26. Qxe6+ Kg7 27. h3 Rf8 28. Rd1 Rf7 29. a4 Re7 30. Qc4 Qe5 31. a5 h5 32. a6 Re6 33. Rd7+ Kh6 34. Qf1 Rf6 35. Qc1+ g5 36. c4 Qe2 37. Rd1 h4 38. Re1 Qa2 39. Re5 Rg6 40. Rxc5 Qxa6 41. b4 Qd6 42. Rd5 Qg3 43. c5 Re6 44. Rd1 a6 45. c6 Qc7 46. Rd5 Rg6 47. Rc5 Rg7 48. Rc4 Rg6 49. Rxh4+ Kg7 50. Rc4 Kh6 51. Qc2 Kg7 52. Qc3+ Kh6 53. Qh8+ Qh7 54. Qxh7+ Kxh7 55. c7 1-0


[Site "https://www.chess.com"]

[Event "Titled Tuesday Blitz May 23 Late 2023"]
[White "Gasparyan, David"]
[Black "Magallanes, Rey Jomar"]
[WhiteFideId "13311980"]
[BlackFideId "5205948"]
[WhiteElo "2393"]
[BlackElo "2279"]
[Result "1-0"]
[Round "05"]
[TimeControl "180+2"]
[Date "2023.05.23"]
[WhiteClock "0:00:52"]
[BlackClock "0:01:11"]

1. d4 d5 2. Nc3 Nf6 3. Bf4 e6 4. Nf3 Bd6 5. Ne5 c6 6. e3 O-O 7. g4 Bxe5 8. Bxe5 Nfd7 9. Bd6 Re8 10. Bd3 e5 11. dxe5 Nxe5 12. Bxe5 Rxe5 13. Qf3 d4 14. Ne4 c5 15. O-O-O Nc6 16. h4 Be6 17. Ng5 Nb4 18. Bxh7+ Kh8 19. Nxe6 Rxe6 20. Bf5 Re5 21. exd4 cxd4 22. Qb3 Qe7 23. h5 a5 24. h6 g6 25. Bd3 a4 26. Qa3 Rc8 27. Qxa4 Nxd3+ 28. Rxd3 Re1+ 29. Rxe1 Qxe1+ 30. Rd1 Qxf2 31. Qxd4+ Qxd4 32. Rxd4 Rc7 33. g5 Rc5 34. Rd7 Rxg5 35. Rxf7 b5 36. h7 Rf5 37. Rb7 g5 38. Kd2 Re5 39. Rf7 g4 40. Rf4 g3 41. Rg4 Rd5+ 42. Kc3 Rc5+ 43. Kb3 Kxh7 44. Rxg3 Kh6 45. c3 Kh5 46. Kb4 Kh4 47. Kxc5 Kh5 48. Kd5 Kh4 49. Rg8 Kh3 50. b4 Kh2 51. Ke4 Kh1 52. Kf3 Kh2 53. Rg7 Kh3 54. Rh7# 1-0


[Site "https://www.chess.com"]

[Event "Titled Tuesday Blitz May 23 Late 2023"]
[White "MunichMouse"]
[Black "Szyszylo, Rafal"]
[BlackFideId "1109626"]
[WhiteElo "2271"]
[BlackElo "1951"]
[Result "0-1"]
[Round "05"]
[TimeControl "180+2"]
[Date "2023.05.23"]
[WhiteClock "0:00:00"]
[BlackClock "0:00:29"]

1. d4 g6 2. c4 d6 3. g3 Nf6 4. Bg2 Bg7 5. e4 O-O 6. Ne2 e5 7. d5 a5 8. Nbc3 Na6 9. O-O Nd7 10. Be3 f5 11. f3 Ndc5 12. Qd2 Bd7 13. Rad1 a4 14. h3 Rf7 15. Kh2 Qf8 16. Nc1 f4 17. gxf4 exf4 18. Bd4 Re8 19. N3e2 Be5 20. b4 axb3 21. axb3 Qh6 22. b4 Na4 23. Nd3 Bxd4 24. Nxd4 Re5 25. Nxe5 dxe5 26. Ne2 Nb6 27. Rc1 g5 28. c5 Nc8 29. c6 bxc6 30. dxc6 Bxc6 31. Qd8+ Rf8 32. Qd2 Bb5 33. Rf2 Qh4 34. Bf1 Nd6 0-1


[Site "https://www.chess.com"]

[Event "Titled Tuesday Blitz May 23 Late 2023"]
[White "Vadim_Galchenko"]
[Black "lluiss"]
[WhiteElo "2391"]
[BlackElo "2263"]
[Result "1-0"]
[Round "05"]
[TimeControl "180+2"]
[Date "2023.05.23"]
[WhiteClock "0:01:18"]
[BlackClock "0:00:00"]

1. e4 c5 2. a3 g6 3. b4 Bg7 4. Nc3 Nf6 5. Rb1 O-O 6. g3 d5 7. Bg2 dxe4 8. Nxe4 Nxe4 9. Bxe4 cxb4 10. axb4 Nc6 11. Ne2 Bg4 12. h3 Bd7 13. Bg2 Qc8 14. d4 e5 15. d5 Nd4 16. Nxd4 exd4 17. O-O Bxh3 18. Bxh3 Qxh3 19. Qf3 Qd7 20. Bf4 Rfe8 21. Rfe1 Rxe1+ 22. Rxe1 a5 23. bxa5 Rxa5 24. d6 h6 25. Re7 Qd8 26. Qe4 Bf8 27. Re8 1-0


[Site "https://www.chess.com"]

[Event "Titled Tuesday Blitz May 23 Late 2023"]
[White "Simonovic, Miroslav"]
[Black "ArchibaldCerveza29"]
[WhiteFideId "919152"]
[WhiteElo "2042"]
[BlackElo "2389"]
[Result "0-1"]
[Round "05"]
[TimeControl "180+2"]
[Date "2023.05.23"]
[WhiteClock "0:00:17"]
[BlackClock "0:00:34"]

1. d4 d5 2. Bg5 f6 3. Bh4 Nh6 4. f3 c5 5. c3 Nc6 6. Bf2 Nf7 7. e4 cxd4 8. exd5 Qxd5 9. cxd4 e5 10. Nc3 Bb4 11. Qd2 Bxc3 12. bxc3 exd4 13. cxd4 O-O 14. Bd3 Kh8 15. Ne2 Re8 16. O-O Bf5 17. Nc3 Qd7 18. Rab1 Nd6 19. Bxf5 Nxf5 20. Ne4 Ncxd4 21. Rfd1 Rad8 22. Qb2 b6 23. Rd2 Qa4 24. Rbd1 Ne6 25. Rxd8 Rxd8 26. Rxd8+ Nxd8 27. Nxf6 Qd1+ 28. Be1 Qxe1# 0-1


[Site "https://www.chess.com"]

[Event "Titled Tuesday Blitz May 23 Late 2023"]
[White "Martinez, Ayelen"]
[Black "KorolDimitriy75"]
[WhiteFideId "118702"]
[WhiteElo "2125"]
[BlackElo "2380"]
[Result "0-1"]
[Round "05"]
[TimeControl "180+2"]
[Date "2023.05.23"]
[WhiteClock "0:00:18"]
[BlackClock "0:00:17"]

1. e4 c5 2. Nf3 d6 3. d4 cxd4 4. Nxd4 Nf6 5. Nc3 g6 6. Bg5 Bg7 7. Qd2 O-O 8. Bh6 Nc6 9. Nxc6 bxc6 10. O-O-O Qa5 11. h4 Rb8 12. Bc4 Nxe4 13. Nxe4 Bxb2+ 14. Kb1 Bc3+ 15. Bb3 Bxd2 16. Bxd2 Qf5 17. f3 a5 18. g4 Qxf3 19. Ng5 Qxg4 20. Bxa5 Bf5 21. Rdg1 Qe2 22. Rc1 c5 23. Rhe1 Qb5 24. Bc7 c4 25. Bxb8 Rxb8 26. Kb2 cxb3 27. axb3 e6 28. Ra1 d5 29. Ra7 Rb7 30. Ra8+ Rb8 31. Ra7 Rf8 32. Rea1 Qc5 33. c3 Qf2+ 34. Ka3 Qxa7+ 35. Kb2 Qf2+ 0-1


[Site "https://www.chess.com"]

[Event "Titled Tuesday Blitz May 23 Late 2023"]
[White "Davidson, Kevin"]
[Black "De Souza, Cristiano Gomes"]
[WhiteFideId "2056810"]
[BlackFideId "2151758"]
[WhiteElo "2151"]
[BlackElo "2068"]
[Result "1-0"]
[Round "05"]
[TimeControl "180+2"]
[Date "2023.05.23"]
[WhiteClock "0:00:20"]
[BlackClock "0:01:03"]

1. e4 c5 2. Nf3 d6 3. d4 cxd4 4. Nxd4 Nf6 5. Nc3 g6 6. Be3 Bg7 7. f3 O-O 8. Qd2 Nc6 9. O-O-O d5 10. Qe1 Nxd4 11. Bxd4 e6 12. h4 b6 13. g4 Bb7 14. h5 dxe4 15. fxe4 Nxg4 16. Bxg7 Qg5+ 17. Kb1 Kxg7 18. Rg1 Qxh5 19. Be2 f5 20. Rd7+ Rf7 21. Rxf7+ Kxf7 22. Qd1 Qh4 23. Bxg4 fxg4 24. Qd7+ Qe7 25. Rf1+ 1-0


[Site "https://www.chess.com"]

[Event "Titled Tuesday Blitz May 23 Late 2023"]
[White "Chakravarthi Reddy, M"]
[Black "Alimpic, Aleksa"]
[WhiteFideId "25009532"]
[BlackFideId "974323"]
[WhiteElo "2201"]
[BlackElo "2298"]
[Result "1-0"]
[Round "05"]
[TimeControl "180+2"]
[Date "2023.05.23"]
[WhiteClock "0:00:48"]
[BlackClock "0:00:02"]

1. e4 g6 2. d4 Bg7 3. Nc3 c6 4. f4 d5 5. e5 h5 6. Bd3 Nh6 7. Nf3 Bf5 8. Be3 e6 9. h3 h4 10. Bf2 Bxd3 11. Bxh4 Qb6 12. Qxd3 Nd7 13. g4 Bf8 14. O-O-O c5 15. Rhe1 Rc8 16. Nxd5 exd5 17. e6 Nb8 18. exf7+ Kxf7 19. Ng5+ Kg8 20. Re6 Qc7 21. Rxg6+ Bg7 22. Ne6 Qf7 23. Rxg7+ Qxg7 24. Nxg7 Kxg7 25. dxc5 Nf7 26. Qd4+ Kg8 27. Bf6 Rxh3 28. g5 Nc6 29. Qxd5 Kf8 30. Qf5 Re8 31. Qxh3 1-0


[Site "https://www.chess.com"]

[Event "Titled Tuesday Blitz May 23 Late 2023"]
[White "Mickiewicz, Piotr"]
[Black "Thiel, Thomas"]
[WhiteFideId "1114891"]
[BlackFideId "4615964"]
[WhiteElo "2246"]
[BlackElo "2234"]
[Result "1-0"]
[Round "05"]
[TimeControl "180+2"]
[Date "2023.05.23"]
[WhiteClock "0:01:13"]
[BlackClock "0:01:00"]

1. g3 d5 2. Bg2 c6 3. b3 Nf6 4. Bb2 g6 5. Nf3 Bg7 6. c4 O-O 7. O-O Re8 8. d3 Nbd7 9. cxd5 cxd5 10. Nbd2 e5 11. e3 b6 12. b4 Ba6 13. Qb3 Qe7 14. Rfc1 Rac8 15. a4 Bb7 16. Bh3 Rxc1+ 17. Rxc1 Rc8 18. Rxc8+ Bxc8 19. Bxd7 Nxd7 20. Qxd5 Qxb4 21. Qa8 Qxb2 22. Qxc8+ Nf8 23. Kg2 b5 24. Qb7 b4 25. Nc4 Qc3 26. Ng5 f6 27. Qd5+ 1-0


[Site "https://www.chess.com"]

[Event "Titled Tuesday Blitz May 23 Late 2023"]
[White "Figorito, Nick"]
[Black "Clawitter, Craig"]
[WhiteFideId "30923689"]
[BlackFideId "2023105"]
[WhiteElo "2358"]
[BlackElo "2230"]
[Result "1-0"]
[Round "05"]
[TimeControl "180+2"]
[Date "2023.05.23"]
[WhiteClock "0:01:15"]
[BlackClock "0:00:00"]

1. Nf3 Nf6 2. g3 g6 3. Bg2 Bg7 4. O-O O-O 5. c4 c5 6. d4 Nc6 7. dxc5 Qa5 8. Nc3 Qxc5 9. b3 Qh5 10. Bb2 d6 11. Qd2 Bh3 12. Nd5 Ne4 13. Qc2 Bxg2 14. Kxg2 Bxb2 15. Qxb2 e6 16. Nf6+ Nxf6 17. Qxf6 Ne5 18. Rad1 Nxf3 19. Qxf3 Qxf3+ 20. Kxf3 Rfd8 21. e4 Rac8 22. Rd2 d5 23. exd5 exd5 24. Rfd1 Rc5 25. Rxd5 Rcxd5 26. Rxd5 Rc8 27. Rd7 b5 28. cxb5 Rc5 29. a4 Rc3+ 30. Kg2 Rxb3 31. Rxa7 Kg7 32. Ra6 h5 33. h4 f6 34. b6 g5 35. hxg5 fxg5 36. Ra5 Kg6 37. Rb5 Ra3 38. b7 1-0


[Site "https://www.chess.com"]

[Event "Titled Tuesday Blitz May 23 Late 2023"]
[White "Almedina Ortiz, Edgardo J."]
[Black "Ammar, Sedrani"]
[WhiteFideId "3100197"]
[BlackFideId "9312331"]
[WhiteElo "2217"]
[BlackElo "2115"]
[Result "0-1"]
[Round "05"]
[TimeControl "180+2"]
[Date "2023.05.23"]
[WhiteClock "0:00:00"]
[BlackClock "0:00:11"]

1. d4 e6 2. c4 d5 3. Nc3 Nf6 4. cxd5 exd5 5. Bg5 Be7 6. Qc2 c6 7. e3 O-O 8. Bd3 Nbd7 9. Nf3 Re8 10. O-O Nf8 11. h3 Ne4 12. Bf4 Ng6 13. Nxe4 Nxf4 14. exf4 dxe4 15. Bxe4 h6 16. Rfd1 Bd6 17. Ne5 Qh4 18. Bh7+ Kf8 19. Qd2 Re6 20. Bf5 Re7 21. Bxc8 Rxc8 22. Rac1 Kg8 23. Qe3 Re6 24. f5 Rf6 25. g4 Re8 26. Qf3 Bxe5 27. dxe5 Rxe5 28. Rd8+ Kh7 29. Rcd1 g6 30. R8d7 gxf5 31. Rxb7 fxg4 32. Qd3+ Ref5 33. hxg4 Qxg4+ 34. Kf1 Qg6 0-1


[Site "https://www.chess.com"]

[Event "Titled Tuesday Blitz May 23 Late 2023"]
[White "Kovacevic, Radmila"]
[Black "Chabris, Christopher"]
[WhiteFideId "933171"]
[BlackFideId "2005263"]
[WhiteElo "2194"]
[BlackElo "2356"]
[Result "0-1"]
[Round "05"]
[TimeControl "180+2"]
[Date "2023.05.23"]
[WhiteClock "0:00:14"]
[BlackClock "0:00:32"]

1. e4 e5 2. d4 exd4 3. c3 d5 4. exd5 Qxd5 5. Nf3 Bg4 6. Be2 Nc6 7. O-O O-O-O 8. Nxd4 Bxe2 9. Qxe2 Nxd4 10. cxd4 Qxd4 11. Be3 Qd3 12. Qg4+ Qd7 13. Qf3 Nf6 14. Nc3 Qg4 15. Rad1 Rxd1 16. Rxd1 Qxf3 17. gxf3 a6 18. Bg5 Be7 19. Re1 Bd8 20. Re5 Nd7 21. Bxd8 Kxd8 22. Rg5 g6 23. Ne4 f5 24. Nc3 c6 25. h4 Ke7 26. h5 Kf6 27. f4 Nb6 28. Kg2 Rd8 29. Kf3 Rd2 30. hxg6 hxg6 31. Rg1 Rxb2 32. Rb1 Rxb1 33. Nxb1 Nd5 34. a3 c5 35. Nd2 b5 36. Nb3 c4 37. Nc5 a5 38. Nb7 b4 39. Nxa5 bxa3 40. Nxc4 a2 41. Ne3 Nxe3 42. fxe3 a1=Q 0-1


[Site "https://www.chess.com"]

[Event "Titled Tuesday Blitz May 23 Late 2023"]
[White "Sariego Figueredo, Wilfredo"]
[Black "Sarkar, Justin"]
[WhiteFideId "3500080"]
[BlackFideId "2010011"]
[WhiteElo "2309"]
[BlackElo "2168"]
[Result "0-1"]
[Round "05"]
[TimeControl "180+2"]
[Date "2023.05.23"]
[WhiteClock "0:00:00"]
[BlackClock "0:01:00"]

1. d4 Nf6 2. Bf4 Nd5 3. Bg3 d6 4. e4 Nf6 5. Nc3 g6 6. Bc4 Bg7 7. e5 Nh5 8. Nf3 Nxg3 9. hxg3 Nc6 10. Ng5 e6 11. Nf3 dxe5 12. dxe5 Qxd1+ 13. Rxd1 a6 14. Bb3 Nxe5 15. Nxe5 Bxe5 16. O-O Bxc3 17. bxc3 Bd7 18. f4 h5 19. Kf2 Ke7 20. Rfe1 Bc6 21. Rd4 a5 22. a4 Rhd8 23. Red1 Be4 24. Rxe4 Rxd1 25. Re2 Rad8 26. Bc4 R8d2 27. Bd3 Rxe2+ 28. Kxe2 Ra1 29. Bb5 c6 0-1


[Site "https://www.chess.com"]

[Event "Titled Tuesday Blitz May 23 Late 2023"]
[White "Marin Masis, Jose Esteban"]
[Black "Alexikov, Alexander"]
[WhiteFideId "6508146"]
[BlackFideId "14103958"]
[WhiteElo "1838"]
[BlackElo "2186"]
[Result "0-1"]
[Round "05"]
[TimeControl "180+2"]
[Date "2023.05.23"]
[WhiteClock "0:00:13"]
[BlackClock "0:01:22"]

1. e4 c5 2. Nf3 d6 3. d4 Nf6 4. dxc5 Nxe4 5. cxd6 Nc6 6. Bd3 Nxd6 7. O-O Bf5 8. Nc3 e6 9. Bf4 Bg6 10. Ne5 Nxe5 11. Bxe5 f6 12. Bg3 Bxd3 13. Qxd3 Nf5 14. Qc4 Qc8 15. Qb5+ Kf7 16. Rad1 Be7 17. Rd7 b6 18. Ne4 a6 19. Qd3 Rd8 20. Rd1 Rxd7 21. Qxd7 Qxc2 22. Nd6+ Nxd6 23. Rxd6 Qb1+ 24. Rd1 Qxa2 25. Bd6 Re8 26. Re1 Qd5 0-1


[Site "https://www.chess.com"]

[Event "Titled Tuesday Blitz May 23 Late 2023"]
[White "Celestino, Rafael Teixeira"]
[Black "Brown, Raehanna"]
[WhiteFideId "2108925"]
[BlackFideId "7402740"]
[WhiteElo "2345"]
[BlackElo "1655"]
[Result "1-0"]
[Round "05"]
[TimeControl "180+2"]
[Date "2023.05.23"]
[WhiteClock "0:00:13"]
[BlackClock "0:00:06"]

1. e4 c5 2. Nf3 Nc6 3. d4 cxd4 4. Nxd4 Nf6 5. Nc3 g6 6. Be2 Bg7 7. O-O O-O 8. Be3 d5 9. exd5 Nxd5 10. Nxc6 bxc6 11. Nxd5 cxd5 12. c3 Bb7 13. Qd2 Qd6 14. Rad1 Rfd8 15. Bh6 e5 16. Bxg7 Kxg7 17. Rfe1 Qc6 18. Qg5 f6 19. Qg3 Qb6 20. Rd2 d4 21. cxd4 Rxd4 22. Rxd4 Qxd4 23. Qb3 Bd5 24. Qa3 Rb8 25. Rd1 Qxb2 26. Qe7+ Kh6 27. Bg4 Qxa2 28. Qxf6 Re8 29. h4 Qc4 30. Qg5+ Kg7 31. Rc1 Qf4 32. Rc7+ Kg8 33. Qxf4 exf4 34. Rxa7 Re1+ 35. Kh2 Rf1 36. Rd7 Bc6 37. Rc7 Bd5 38. Rc5 Bb7 39. Rc7 Bd5 40. Rc5 Bb7 41. Be6+ Kg7 42. Rc7+ Kf6 43. Bc4 Rc1 44. Rf7+ Ke5 45. Bb3 Be4 46. Rxh7 Kf5 47. Rf7+ Ke5 48. Ba4 Rc4 49. Bb3 Rb4 50. Bd1 Kd4 51. Bg4 Bd5 52. Rxf4+ Kc5 53. Rxb4 Kxb4 54. Kg3 Kc4 55. h5 gxh5 56. Bxh5 Kd4 57. Bg6 Ke5 58. f4+ Kf6 59. Bd3 Ke6 60. Bh7 Kf6 61. Kf2 Ke6 62. Bg8+ Kd6 63. Bxd5 Kxd5 64. Kf3 Ke6 65. g4 Kf6 66. Ke4 Kg7 67. Kf5 Kf8 68. g5 Kg8 69. Kg6 Kf8 70. f5 Kg8 71. f6 Kf8 72. f7 Ke7 73. Kg7 Kd6 74. f8=Q+ 1-0


[Site "https://www.chess.com"]